 Dungeon Crawl Stone Soup version 0.29.1-12-g30fa7ad0bf (webtiles) character file.

Game seed: 11775169402149755688

588 xzight the Shield-Bearer (level 7, -1/60 HPs)
             Began as a Gnoll Fighter on Dec 29, 2022.
             Slain by a kobold
             ... wielding a +0 short sword
              (2 damage)
             ... on level 5 of the Dungeon.
             The game lasted 00:05:40 (5171 turns).

xzight the Shield-Bearer (Gnoll Fighter)            Turns: 5171, Time: 00:05:41

Health: -1/60      AC:  7    Str: 15    XL:     7   Next: 38%
Magic:  10/10      EV:  9    Int:  9    God:
Gold:   411        SH:  5    Dex: 12    Spells: 11/11 levels left

rFire   . . .      SeeInvis .   a - +0 trident
rCold   . . .      Faith    .   c - +0 buckler
rNeg    . . .      Spirit   .   b - +0 scale mail
rPois   .          Reflect  .   (no helmet)
rElec   .          Harm     .   (no cloak)
rCorr   .          Rampage  .   (no gloves)
Will    .....                   (no boots)
Stlth   +.........              j - amulet of the acrobat
HPRegen 0.20/turn               (no ring)
MPRegen 0.12/turn               (no ring)

@: no status effects
A: fangs 1, strong nose, distributed training
a: no special abilities


You were on level 5 of the Dungeon.
You visited 1 branch of the dungeon, and saw 5 of its levels.

You collected 411 gold pieces.


Innate Abilities, Weirdness & Mutations

You have very sharp teeth.
Your uncanny sense of smell can sniff out nearby items.
Your experience applies equally to all skills.


   Skills:
 + Level 7.1 Fighting
 + Level 2.5 Short Blades
 + Level 2.5 Long Blades
 + Level 2.5 Axes
 + Level 2.5 Maces & Flails
 + Level 5.3 Polearms
 + Level 2.5 Staves
 + Level 2.5 Ranged Weapons
 + Level 2.5 Throwing
 + Level 7.1 Armour
 + Level 2.5 Dodging
 + Level 2.5 Stealth
 + Level 7.1 Shields
 + Level 2.5 Unarmed Combat
 + Level 2.5 Spellcasting
 + Level 2.1 Conjurations
 + Level 2.1 Hexes
 + Level 2.1 Summonings
 + Level 2.1 Necromancy
 + Level 2.1 Translocations
 + Level 2.1 Transmutations
 + Level 2.1 Fire Magic
 + Level 2.1 Ice Magic
 + Level 2.1 Air Magic
 + Level 2.1 Earth Magic
 + Level 2.1 Poison Magic
 + Level 2.8 Invocations
 + Level 2.5 Evocations


You had 11 spell levels left.
You didn't know any spells.
Your spell library contained the following spells:

 Spells                   Type           Power      Damage    Failure   Level
 Apportation              Tloc           8%         N/A       50%         1
 Foxfire                  Conj/Fire      16%        2x1d4     50%         1
 Magic Dart               Conj           16%        1d3       50%         1
 Necrotise                Necr           16%        1d4       50%         1
 Summon Small Mammal      Summ           16%        N/A       50%         1
 Call Imp                 Summ           4%         N/A       63%         2
 Confusing Touch          Hex            4%         N/A       86%         3
 Conjure Flame            Conj/Fire      4%         6-21      86%         3
 Gell's Gravitas          Tloc           4%         N/A       86%         3
 Ignite Poison            Fire/Tmut/Pois 4%         N/A       86%         3
 Inner Flame              Hex/Fire       4%         N/A       86%         3
 Lesser Beckoning         Tloc           4%         N/A       86%         3
 Mephitic Cloud           Conj/Pois/Air  4%         N/A       86%         3
 Teleport Other           Tloc           4%         N/A       86%         3
 Flame Wave               Conj/Fire      4%         2d5       99%         4
 Sticky Flame             Conj/Fire      4%         2d3       99%         4
 Yara's Violent Unravell  Hex/Tmut       2%         3d3       100%        5
 Enfeeble                 Hex            2%         N/A       100%        7

Inventory:

Hand Weapons
 a - a +0 trident (weapon)
Armour
 b - a +0 scale mail (worn)
 c - a +0 buckler (worn)
 k - a +0 helmet
Jewellery
 j - an amulet of the acrobat (around neck)
 E - a +4 ring of evasion
Wands
 r - a wand of paralysis (5)
Scrolls
 g - a scroll of immolation {unknown}
 h - 9 scrolls of identify {unknown}
 i - a scroll of teleportation {unknown}
 l - a scroll of butterflies {unknown}
 m - a scroll of fear {unknown}
 n - a scroll of amnesia {unknown}
 q - a scroll of blinking {unknown}
Potions
 d - a potion of might
 e - 4 potions of curing {unknown}
 f - a potion of cancellation {unknown}
 o - 3 potions of ambrosia {unknown}
 p - a potion of resistance {unknown}

Dungeon Overview and Level Annotations

Branches:
Dungeon (5/15)
 Temple: D:4-7

Altars:
Fedhas
Qazlal
Uskayaw
Yredelemnul

Annotations:
D:4 exclusion: upstairs

##### ♣.....####
.........###
.♣...♣♣..♣.# ......♣....
.†........♣♣###
..........(♣..## ###
§.....KKK♣.....###.#####
§..†.KK@K♣♣.......#.<...
.†...KKK♣♣.♣########.###
......KK♣♣# #.#.##
....♣♣... ##.## ... .♣♣.
### .. .. ## ##### . ♣##
#...# ....#


You could see 11 kobolds.


Message History

The kobold barely misses you. The kobold hits you but does no damage.
The kobold closely misses you. The kobold hits you but does no damage.
You barely miss the kobold.
The kobold is severely wounded.
You block the kobold's attack. The kobold barely misses you.
The kobold hits you but does no damage. You block the kobold's attack.
The kobold barely misses you. The kobold hits you but does no damage.
The kobold hits you with a +0 dagger.
* * * LOW HITPOINT WARNING * * *
You closely miss the kobold.
The kobold is severely wounded.
The kobold barely misses you. The kobold hits you but does no damage.
The kobold barely misses you. You block the kobold's attack. x2
The kobold closely misses you. x2
You closely miss the kobold.
The kobold is severely wounded.
The kobold hits you with a +0 dagger.
* * * LOW HITPOINT WARNING * * *
You block the kobold's attack. The kobold closely misses you.
The kobold hits you but does no damage. x2; The kobold hits you with a +0 whip.
* * * LOW HITPOINT WARNING * * *
You block the kobold's attack.
You hit the kobold.
You kill the kobold!
You block the kobold's attack. The kobold hits you with a +0 dagger.
* * * LOW HITPOINT WARNING * * *
The kobold barely misses you. The kobold hits you but does no damage.
The kobold barely misses you.
The kobold hits you with a +0 short sword.
You die...

Skill      XL: |  1  2  3  4  5  6 |
---------------+-------------------+-----
Invocations    | 1 2 |  2.8
Short Blades   | 1 2 |  2.5
Long Blades    | 1 2 |  2.5
Axes           | 1 2 |  2.5
Maces & Flails | 1 2 |  2.5
Staves         | 1 2 |  2.5
Ranged Weapons | 1 2 |  2.5
Throwing       | 1 2 |  2.5
Dodging        | 1 2 |  2.5
Stealth        | 1 2 |  2.5
Unarmed Combat | 1 2 |  2.5
Spellcasting   | 1 2 |  2.5
Evocations     | 1 2 |  2.5
Conjurations   | 1 2 |  2.1
Hexes          | 1 2 |  2.1
Summonings     | 1 2 |  2.1
Necromancy     | 1 2 |  2.1
Translocations | 1 2 |  2.1
Transmutations | 1 2 |  2.1
Fire Magic     | 1 2 |  2.1
Ice Magic      | 1 2 |  2.1
Air Magic      | 1 2 |  2.1
Earth Magic    | 1 2 |  2.1
Poison Magic   | 1 2 |  2.1
Polearms       | 5 |  5.3
Fighting       | 7 |  7.1
Armour         | 7 |  7.1
Shields        | 7 |  7.1

Action                   |  1- 3 |  4- 6 |  7- 9 || total
-------------------------+-------+-------+-------++-------
Melee: Trident           |   118 |   263 |    34 ||   415
       Bite              |     3 |    21 |     1 ||    25
  Use: Potion            |       |     1 |       ||     1
Armor: Scale mail        |    37 |   116 |    51 ||   204
Dodge: Dodged            |    38 |    92 |    48 ||   178
Block: Buckler           |    19 |    67 |    37 ||   123

Levels and vault maps discovered:
D:1:      ebering_trefoil_twist, layout_loops_corners,
          hellmonk_ecumenical_altar_zigzags
D:2:      layout_basic, uniq_robin, uniq_terence
D:3:      minmay_inner_zag, layout_loops_corners, fedhas_altar_1,
          nicolae_uskayaw_en_pointe
D:4:      layout_rooms, amcnicky_altar_gilded, kennysheep_mini
D:5:      kennysheep_kobold_camp, layout_loops_ring, minmay_misc_feat_columns,
          roderic_serpentine_path

Notes
Turn   | Place    | Note
-------+----------+-------------------------------------------
     0 | D:1      | xzight the Gnoll Fighter began the quest for the Orb.
     0 | D:1      | Reached XP level 1. HP: 23/23 MP: 1/1
   173 | D:1      | Reached XP level 2. HP: 29/29 MP: 2/2
   793 | D:1      | Found a faded altar of an unknown god.
   813 | D:1      | Reached XP level 3. HP: 35/35 MP: 3/3
   909 | D:1      | Reached skill level 1 in Invocations
  1118 | D:2      | Reached skill level 1 in Short Blades
  1118 | D:2      | Reached skill level 1 in Long Blades
  1118 | D:2      | Reached skill level 1 in Axes
  1118 | D:2      | Reached skill level 1 in Maces & Flails
  1118 | D:2      | Reached skill level 1 in Staves
  1118 | D:2      | Reached skill level 1 in Ranged Weapons
  1118 | D:2      | Reached skill level 1 in Throwing
  1118 | D:2      | Reached skill level 1 in Dodging
  1118 | D:2      | Reached skill level 1 in Stealth
  1118 | D:2      | Reached skill level 1 in Unarmed Combat
  1118 | D:2      | Reached skill level 1 in Spellcasting
  1118 | D:2      | Reached skill level 1 in Evocations
  1322 | D:2      | Reached XP level 4. HP: 41/41 MP: 5/5
  1379 | D:2      | Reached skill level 1 in Conjurations
  1379 | D:2      | Reached skill level 1 in Hexes
  1379 | D:2      | Reached skill level 1 in Summonings
  1379 | D:2      | Reached skill level 1 in Necromancy
  1379 | D:2      | Reached skill level 1 in Translocations
  1379 | D:2      | Reached skill level 1 in Transmutations
  1379 | D:2      | Reached skill level 1 in Fire Magic
  1379 | D:2      | Reached skill level 1 in Ice Magic
  1379 | D:2      | Reached skill level 1 in Air Magic
  1379 | D:2      | Reached skill level 1 in Earth Magic
  1379 | D:2      | Reached skill level 1 in Poison Magic
  1421 | D:2      | Noticed Terence
  1439 | D:2      | Killed Terence
  1442 | D:2      | Reached XP level 5. HP: 29/47 MP: 5/7
  1697 | D:2      | Noticed Robin
  1712 | D:2      | Killed Robin
  2337 | D:3      | Noticed a +0 falchion
  2337 | D:3      | Noticed a +0 spear
  2338 | D:3      | Noticed a +0 short sword
  2339 | D:3      | Noticed a +0 spear
  2339 | D:3      | Noticed a +0 short sword
  2340 | D:3      | Noticed a +0 dagger
  2340 | D:3      | Noticed a +0 dagger
  2340 | D:3      | Noticed a +0 falchion
  2342 | D:3      | Found a hide-covered altar of Uskayaw.
  2797 | D:3      | Found a blossoming altar of Fedhas.
  3288 | D:4      | Noticed an ogre
  3628 | D:4      | Found a basalt altar of Yredelemnul.
  3731 | D:4      | Reached skill level 5 in Polearms
  3731 | D:4      | Reached skill level 2 in Invocations
  3731 | D:4      | Reached XP level 6. HP: 30/53 MP: 8/8
  4085 | D:4      | Found a stormy altar of Qazlal.
  4116 | D:5      | Entered Level 5 of the Dungeon
  4160 | D:5      | Reached skill level 2 in Short Blades
  4160 | D:5      | Reached skill level 2 in Long Blades
  4160 | D:5      | Reached skill level 2 in Axes
  4160 | D:5      | Reached skill level 2 in Maces & Flails
  4160 | D:5      | Reached skill level 2 in Staves
  4160 | D:5      | Reached skill level 2 in Ranged Weapons
  4160 | D:5      | Reached skill level 2 in Throwing
  4160 | D:5      | Reached skill level 2 in Dodging
  4160 | D:5      | Reached skill level 2 in Stealth
  4160 | D:5      | Reached skill level 2 in Unarmed Combat
  4160 | D:5      | Reached skill level 2 in Spellcasting
  4160 | D:5      | Reached skill level 2 in Evocations
  4339 | D:5      | Noticed a black bear
  4858 | D:5      | Paralysed by a kobold for 4 turns
  4871 | D:5      | Killed a black bear
  4872 | D:5      | Reached skill level 7 in Fighting
  4872 | D:5      | Reached skill level 7 in Armour
  4872 | D:5      | Reached skill level 7 in Shields
  4872 | D:5      | Reached skill level 2 in Conjurations
  4872 | D:5      | Reached skill level 2 in Hexes
  4872 | D:5      | Reached skill level 2 in Summonings
  4872 | D:5      | Reached skill level 2 in Necromancy
  4872 | D:5      | Reached skill level 2 in Translocations
  4872 | D:5      | Reached skill level 2 in Transmutations
  4872 | D:5      | Reached skill level 2 in Fire Magic
  4872 | D:5      | Reached skill level 2 in Ice Magic
  4872 | D:5      | Reached skill level 2 in Air Magic
  4872 | D:5      | Reached skill level 2 in Earth Magic
  4872 | D:5      | Reached skill level 2 in Poison Magic
  4872 | D:5      | Reached XP level 7. HP: 24/60 MP: 10/10
  5164 | D:5      | HP: 6/60 [kobold/+0 club (4)]
  5170 | D:5      | HP: 3/60 [kobold/+0 dagger (2)]
  5171 | D:5      | HP: 1/60 [kobold/+0 dagger (1)]
  5171 | D:5      | Slain by a kobold

Vanquished Creatures
  A black bear (D:5)
  A kobold brigand (D:5)
  A bullfrog (D:5)
  A scorpion (D:4)
  A necrophage (D:5)
  A howler monkey (D:5)
  Terence (D:2)
  Robin (D:2)
  6 adders
  A gnoll (D:1)
  2 worms
  A dart slug (D:5)
  2 orcs (D:3)
  5 endoplasms
  2 giant cockroaches
  18 goblins
  6 hobgoblins
  7 jackals
  20 kobolds
  2 quokkas
  11 ball pythons
  6 bats
  2 frilled lizards
  7 rats
106 creatures vanquished.

Vanquished Creatures (others)
  71 plants
71 creatures vanquished.

Grand Total: 177 creatures vanquished

Table legend: (Time is in decaauts)
 A = Elapsed time spent in this place.
 B = Non-inter-level travel time spent in this place.
 C = Inter-level travel time spent in this place.
 D = Time resting spent in this place.
 E = Time spent auto-exploring this place.
 F = Levels seen in this place.
 G = Mean time per level.
                   A        B        C        D        E       F      G
               +--------+--------+--------+--------+--------+-----+--------+
         Total |   5214 |   4986 |    228 |    365 |   3693 |   5 | 1042.8 |
       Dungeon |   5214 |   4986 |    228 |    365 |   3693 |   5 | 1042.8 |
               +--------+--------+--------+--------+--------+-----+--------+

Top non-repeatable levels by time:
     D:3: 1230 daAuts
     D:2: 1144 daAuts
     D:1: 1109 daAuts
     D:5: 1027 daAuts
     D:4: 703 daAuts

Table legend:
 A = Non-vault XP
 B = Vault XP
 C = Vault XP percentage of total XP
 D = Non-vault monster count
 E = Vault monster count
 F = Vault count percentage of total count
                 A         B        C        D         E       F
            +---------+---------+-------+---------+---------+-------
      Total |     642 |     199 |  23.7 |      78 |      28 |  26.4
            +---------+---------+-------+---------+---------+-------
        D:1 |      56 |       0 |   0.0 |      27 |       0 |   0.0
        D:2 |      89 |      75 |  45.7 |      23 |      14 |  37.8
        D:3 |      42 |      21 |  33.3 |      16 |       6 |  27.3
        D:4 |      98 |       0 |   0.0 |       7 |       0 |   0.0
        D:5 |     357 |     103 |  22.4 |       5 |       8 |  61.5
            +---------+---------+-------+---------+---------+-------
